 Dungeon Sprint DCSS version 0.30-a0-141-g30f27751c5 (webtiles) character file.

Game seed: 12145813637980929945

1794 mhtbhm the Earth Mage (level 9, 0/50 HPs)
             Began as a Gargoyle Earth Elementalist on Sept 25, 2022.
             Was a Believer of Vehumet.
             Slain by an earth elemental (12 damage)
             ... in the Dungeon (Sprint III: "The Ten Rune Challenge").
             The game lasted 00:02:48 (1069 turns).

mhtbhm the Earth Mage (Gargoyle Earth Elementalist) Turns: 1069, Time: 00:02:49

Health: 0/50       AC:  8    Str: 11    XL:     9   Next: 9%
Magic:  4/24       EV: 13    Int: 21    God:    Vehumet [**....]
Gold:   47         SH:  0    Dex: 10    Spells: 16/31 levels left

rFire   . . .      SeeInvis .    h - +0 club (spect)
rCold   . . .      Faith    .    (no shield)
rNeg    + . .      Spirit   .    a - +0 robe
rPois   ∞          Reflect  .    (no helmet)
rElec   +          Harm     .    (no cloak)
rCorr   .          Rampage  .    (no gloves)
Will    .....      NoTele   +    (no boots)
Stlth   +++.......               (no amulet)
HPRegen 0.16/turn                (no ring)
MPRegen 0.19/turn                (no ring)

@: no status effects
A: sickness immunity, AC +6, negative energy resistance 1, electricity
resistance, torment resistance 1, petrification resistance
a: Renounce Religion


You were in the Dungeon.
You worshipped Vehumet.
Vehumet was pleased with you.
You visited 1 branch You collected 47 gold pieces.

Inventory:

Hand Weapons
 h - a +0 spectral club (weapon)
Armour
 a - a +0 robe (worn)
Scrolls
 g - a scroll of blinking
 i - 5 scrolls of identify
 j - 2 scrolls of immolation {unknown}
Potions
 b - 3 potions of magic
 c - a potion of curing
 d - 2 potions of mutation {unknown}
 e - a potion of haste
 f - a potion of berserk rage
 k - 2 potions of attraction {unknown}
 l - 2 potions of flight
 m - a potion of degeneration {unknown}
 n - a potion of heal wounds
Miscellaneous
 o - a condenser vane


   Skills:
 + Level 3.1 Fighting
 + Level 4.7 Dodging
 + Level 6.1 Stealth
 + Level 11.8 Spellcasting
 + Level 3.1 Conjurations
 + Level 0.8 Transmutations
 + Level 15.4 Earth Magic


You had 16 spell levels left.
You knew the following spells:

 Your Spells              Type           Power      Damage    Failure   Level
a - Sandblast             Erth           100%       2d20      0%          1
b - Passwall              Tmut/Erth      38%        N/A       1%          2
c - Stone Arrow           Conj/Erth      100%       3d13      1%          3
d - Petrify               Tmut/Erth      46%        N/A       1%          4
e - Fireball              Conj/Fire      9%         3d6       61%         5

Your spell library contained the following spells:

 Spells                   Type           Power      Damage    Failure   Level
 Searing Ray              Conj           50%        2d6       2%          2
 Starburst                Conj/Fire      9%         6d5       99%         6
 Ignition                 Fire           6%         3d4       100%        8


Dungeon Overview and Level Annotations

Branches:
Dungeon (1/1)

Altars:
Cheibriados
Dithmenos
Elyvilon
Fedhas
Gozag
Hepliaklqana
Kikubaaqudgha
Makhleb
Nemelex Xobeh
Okawaru
Qazlal
Ru
Sif Muna
Trog
Uskayaw
Vehumet
Wu Jian
Xom
Yredelemnul
Zin
The Shining One
Jiyva
Lugonu


Innate Abilities, Weirdness & Mutations

You are immune to sickness and miasma.
Your stone body is resilient. (AC +6)
You are immune to poison.
You resist negative energy. (rN+)
You are resistant to electric shocks. (rElec)
You are resistant to unholy torment.
You are immune to petrification.


Message History

The earth elemental is moderately damaged.
Unknown command.
Casting: Stone Arrow (safe; 1% risk of failure)
Confirm with . or Enter, or press ? or * to list all spells.
Aiming: Stone Arrow (safe; 1% risk of failure)
Press: ? - help, Shift-Dir - straight line, f/p - earth elemental
Aim: an earth elemental (moderately damaged, 95% to hit)
The stone arrow hits the earth elemental.
The earth elemental is heavily damaged.
The earth elemental hits you!
Unknown command.
Casting: Stone Arrow (safe; 1% risk of failure)
Confirm with . or Enter, or press ? or * to list all spells.
Aiming: Stone Arrow (safe; 1% risk of failure)
Press: ? - help, Shift-Dir - straight line, f/p - earth elemental
Aim: an earth elemental (heavily damaged, 95% to hit)
The stone arrow hits the earth elemental!
The earth elemental is severely damaged.
Unknown command.
Unknown command.
Casting: Stone Arrow (safe; 1% risk of failure)
Confirm with . or Enter, or press ? or * to list all spells.
Aiming: Stone Arrow (safe; 1% risk of failure)
Press: ? - help, Shift-Dir - straight line, f/p - earth elemental
Aim: an earth elemental (severely damaged, 95% to hit)
The stone arrow hits the earth elemental!
The earth elemental is severely damaged.
The earth elemental hits you!!
Ouch! That really hurt!
* * * LOW HITPOINT WARNING * * *
Unknown command.
Casting: Stone Arrow (safe; 1% risk of failure)
Confirm with . or Enter, or press ? or * to list all spells.
Aiming: Stone Arrow (safe; 1% risk of failure)
Press: ? - help, Shift-Dir - straight line, f/p - earth elemental
Aim: an earth elemental (severely damaged, 95% to hit)
The stone arrow hits the earth elemental.
The earth elemental is almost destroyed.
The earth elemental hits you!
You die...

###########
___#___#__#
...#__)#._#
##)#†###)##
..........#
.⌠........#
...######'#
.⌠.#__#...#+#######
...#__#...#§§§§§@.#
)###__#...#§#§§§#E#
...#__#...'§#§§§#.#
___#__'...#.#.§§#..
▓▓▓▓▓▓▓▓▓▓▓▓▓▓▓▓▓▓▓▓


You could see an earth elemental.

Vanquished Creatures
  Erica (D)
  A deep elf pyromancer (D)
  A shadow (D)
  A spatial vortex (D)
  A water elemental (D)
  A necrophage (D)
  A jelly (D)
  Jessica (D)
  A wizard (D)
  A necromancer (D)
  3 humans (D)
  A kobold demonologist (D)
  A wolf (D)
  An endoplasm (D)
  2 rats (D)
18 creatures vanquished.

Notes
Turn   | Place    | Note
-------+----------+-------------------------------------------
     0 | D        | mhtbhm the Gargoyle Earth Elementalist began the quest for
                  | the Orb.
     0 | D        | Reached XP level 1. HP: 10/10 MP: 3/3
     8 | D        | Reached skill level 4 in Earth Magic
    61 | D        | Noticed Jessica
    65 | D        | Killed Jessica
    66 | D        | Reached skill level 6 in Earth Magic
    66 | D        | Reached XP level 2. HP: 15/15 MP: 3/6
    66 | D        | Reached XP level 3. HP: 19/19 MP: 3/7
   137 | D        | Learned a level 2 spell: Passwall
   141 | D        | Learned a level 3 spell: Stone Arrow
   163 | D        | Reached skill level 7 in Earth Magic
   332 | D        | Reached XP level 4. HP: 20/24 MP: 1/10
   431 | D        | Learned a level 4 spell: Petrify
   435 | D        | Noticed a water elemental
   437 | D        | Killed a water elemental
   438 | D        | Reached skill level 5 in Spellcasting
   438 | D        | Reached skill level 8 in Earth Magic
   438 | D        | Reached XP level 5. HP: 28/28 MP: 6/12
   486 | D        | Found a radiant altar of Vehumet.
   486 | D        | Found a shimmering blue altar of Sif Muna.
   486 | D        | Found an ancient bone altar of Kikubaaqudgha.
   490 | D        | Reached skill level 9 in Earth Magic
   493 | D        | Reached skill level 1 in Fighting
   573 | D        | Became a worshipper of Vehumet
   580 | D        | Learned a level 5 spell: Fireball
   594 | D        | Found a basalt altar of Yredelemnul.
   594 | D        | Found a shadowy altar of Dithmenos.
   594 | D        | Found a sacrificial altar of Ru.
   596 | D        | Reached skill level 10 in Earth Magic
   596 | D        | Reached XP level 6. HP: 34/34 MP: 13/15
   626 | D        | Found a glowing silver altar of Zin.
   626 | D        | Found a glowing golden altar of the Shining One.
   626 | D        | Found a white marble altar of Elyvilon.
   626 | D        | Noticed a deep elf pyromancer
   630 | D        | Killed a deep elf pyromancer
   630 | D        | Reached * piety under Vehumet
   630 | D        | Offered knowledge of Foxfire by Vehumet.
   631 | D        | Reached skill level 5 in Stealth
   631 | D        | Reached skill level 12 in Earth Magic
   631 | D        | Reached XP level 7. HP: 32/39 MP: 12/19
   684 | D        | Found a hide-covered altar of Uskayaw.
   684 | D        | Found an iron altar of Okawaru.
   684 | D        | Found a bloodstained altar of Trog.
   684 | D        | Found an ornate altar of the Wu Jian Council.
   684 | D        | Noticed a human
   684 | D        | Noticed a human
   687 | D        | Killed a human
   688 | D        | Reached skill level 13 in Earth Magic
   689 | D        | Killed a human
   690 | D        | Reached skill level 10 in Spellcasting
   690 | D        | Reached XP level 8. HP: 44/44 MP: 17/22
   725 | D        | Noticed a shadow
   731 | D        | Reached ** piety under Vehumet
   740 | D        | Killed a shadow
   741 | D        | Reached skill level 14 in Earth Magic
   867 | D        | Found a blossoming altar of Fedhas.
   867 | D        | Found a stormy altar of Qazlal.
   867 | D        | Found a snail-covered altar of Cheibriados.
   867 | D        | Found a burning altar of Makhleb.
   867 | D        | Found a shimmering altar of Xom.
   868 | D        | Found a hazy altar of Hepliaklqana.
   868 | D        | Found an opulent altar of Gozag.
   868 | D        | Found a sparkling altar of Nemelex Xobeh.
   868 | D        | Found a corrupted altar of Lugonu.
   868 | D        | Found a viscous altar of Jiyva.
   870 | D        | Offered knowledge of Searing Ray by Vehumet.
   891 | D        | Noticed Erica
   897 | D        | Killed Erica
   898 | D        | Reached skill level 15 in Earth Magic
   898 | D        | Reached XP level 9. HP: 24/50 MP: 14/24
  1069 | D        | Slain by an earth elemental

Illustrated notes

Levels and vault maps discovered:
D:        dungeon_sprint_mu [sprint_mu_entry_cave, sprint_mu_temple_rooms,
          sprint_mu_d1_horrors, sprint_mu_d2_genie, sprint_mu_d3_branching,
          sprint_mu_orc_legion, sprint_mu_elf_gauntlet, sprint_mu_hive_nellie,
          sprint_mu_lair_fedhas, sprint_mu_vaults_butterflies,
          sprint_mu_slime_circle, sprint_mu_swamp_cave, sprint_mu_shoals_kraken,
          sprint_mu_blade_basic, sprint_mu_crypt_fortress,
          sprint_mu_tomb_spiral, sprint_mu_vestibule_basic,
          sprint_mu_gehenna_hellfire, sprint_mu_dis_giant,
          sprint_mu_tartarus_statrot, sprint_mu_cocytus_islands, sprint_mu_zot1]

Skill      XL: |  1  2  3  4  5  6  7  8 |
---------------+-------------------------+-----
Earth Magic    | 6 7 8 10 12 13 15 | 15.4
Dodging        | 2 3 4 |  4.7
Stealth        | 3 4 5 6 |  6.1
Spellcasting   | 3 4 5 6 9 10 11 | 11.8
Fighting       | 1 2 3 |  3.1
Conjurations   | 2 3 |  3.1
Transmutations | |  0.8

Action                   |  1- 3 |  4- 6 |  7- 9 || total
-------------------------+-------+-------+-------++-------
 Cast: Sandblast         |    16 |    12 |    13 ||    41
       Stone Arrow       |     1 |     2 |     9 ||    12
  Use: Potion            |     1 |       |     1 ||     2
Armor: Robe              |     2 |       |       ||     2
Dodge: Dodged            |    12 |     1 |     2 ||    15

Table legend: (Time is in decaauts)
 A = Elapsed time spent in this place.
 B = Non-inter-level travel time spent in this place.
 C = Inter-level travel time spent in this place.
 D = Time resting spent in this place.
 E = Time spent auto-exploring this place.
 F = Levels seen in this place.
 G = Mean time per level.
                   A        B        C        D        E       F      G
               +--------+--------+--------+--------+--------+-----+--------+
         Total |   1092 |   1092 |      0 |    765 |     51 |   1 | 1092.0 |
       Dungeon |   1092 |   1092 |      0 |    765 |     51 |   1 | 1092.0 |
               +--------+--------+--------+--------+--------+-----+--------+

Top non-repeatable levels by time:
       D: 1092 daAuts
